 Dungeon Crawl Stone Soup version 0.17-a0-1830-g81820eb (webtiles) character file.

34 abixa the Chopper (level 3, -1/31 HPs)
             Began as a Ghoul Berserker on Sept 13, 2015.
             Was a Believer of Trog.
             Slain by Natasha (2 damage)
             ... on level 2 of the Dungeon.
             The game lasted 00:02:47 (1185 turns).

abixa the Chopper (Ghoul Berserker)                 Turns: 1185, Time: 00:02:47

Health: -1/31      AC:  6    Str: 19    XL:     3   Next: 31%
Magic:  2/2        EV: 11    Int:  4    God:    Trog [**....]
Gold:   95         SH:  0    Dex:  8    Spells: 0 memorised, 2 levels left

rFire  . . .     SeeInvis .     a - +0 hand axe
rCold  + . .     Clarity  .     l - +0 ring mail
rNeg   + + +     SustAt   .     (no shield)
rPois  ∞         Gourm    .     n - +0 hat
rElec  .         Spirit   .     j - +0 cloak (curse)
rCorr  .         Warding  .     (no gloves)
rMut   .         Stasis   .     (no boots)
MR     .....                    (no amulet)
Stlth  ..........               (no ring)
                                (no ring)

@: rotting, not resistant to hostile enchantments, extremely unstealthy
A: rotting body, claws 1, carnivore 3, cold resistance 1, negative energy
resistance 3, slow healing 1, torment resistance, unbreathing
a: Burn Spellbooks, Trog's Hand, Renounce Religion


You were on level 2 of the Dungeon.
You worshipped Trog.
Trog was pleased with you.
You were not hungry.

You visited 1 branch of the dungeon, and saw 2 of its levels.

You collected 95 gold pieces.

Inventory:

Hand weapons
 a - a +0 hand axe (weapon)
Missiles
 g - 20 bolts
 m - 46 stones (quivered)
 p - 22 sling bullets of flame
 r - 30 sling bullets
 s - 7 arrows of frost
Armour
 b - a +0 animal skin
 j - a cursed +0 cloak (worn)
 l - a +0 ring mail (worn)
 n - a +0 hat (worn)
Scrolls
 e - 2 scrolls of fog {unknown}
 h - 2 scrolls of identify {unknown}
Potions
 f - a potion of curing {unknown}
 i - a potion of might {unknown}
 o - a potion of degeneration {unknown}
 q - a potion of resistance {unknown}
Comestibles
 c - a meat ration
 d - a beef jerky
 k - 2 chunks of flesh


   Skills:
 - Level 3.2 Fighting
 + Level 3.9 Axes
 - Level 1.7 Armour
 - Level 1.7 Dodging


You had 2 spell levels left.
You didn't know any spells.

Dungeon Overview and Level Annotations

Branches:
Dungeon (2/15)

Altars:

Annotations:
D:2 Natasha


Innate Abilities, Weirdness & Mutations

Your body is rotting away.
You thrive on raw meat.
You are immune to poison.
You have sharp fingernails.
You are carnivorous and can eat meat at any time.
Your flesh is cold resistant.
You are immune to negative energy.
You heal slowly when monsters are visible.
You are immune to unholy pain and torment.
You can survive without breathing.


Message History

Unknown command.
You barely miss Natasha.
Natasha is moderately wounded.
You hit the shadow imp.
The shadow imp is heavily wounded.
Natasha claws you. The shadow imp hits you.
* * * LOW HITPOINT WARNING * * *
You hit Natasha.
Natasha is heavily wounded.
You hit the shadow imp but do no damage.
The shadow imp is heavily wounded.
Natasha claws you!
* * * LOW HITPOINT WARNING * * *
The shadow imp misses you.
You hit Natasha.
Natasha is almost dead.
You barely miss the shadow imp.
The shadow imp is heavily wounded.
Natasha claws you.
You die...

#..<#..#.# #............#########
#......#+#####..........#....# #
#.......................#....####
#.......................#........
#.............#..................
#.............#...........##.....
#...#.........#......)....##...##
#...#........5h)5.........++...'.
........###@..........##...##
........# #..................
g.......# #..................
........# ##########.........
...h..... #......... .........
#......... ......... #.........
.......... #......... #.........


You could see Natasha, a crimson imp and a shadow imp.

Vanquished Creatures
  A worm (D:2)
  3 giant geckos (D:1)
  5 hobgoblins
  2 jackals (D:1)
  A ball python (D:1)
  4 bats
  3 giant newts
  2 goblins
  3 kobolds
  7 rats
31 creatures vanquished.

Notes
Turn   | Place    | Note
--------------------------------------------------------------
     0 | D:1      | abixa the Ghoul Berserker began the quest for the Orb.
     0 | D:1      | Reached XP level 1. HP: 19/19 MP: 0/0
   383 | D:1      | Reached XP level 2. HP: 14/23 MP: 1/1
   680 | D:1      | Acquired Trog's second power
   943 | D:2      | Reached XP level 3. HP: 31/31 MP: 2/2
  1151 | D:2      | Noticed Natasha
  1184 | D:2      | HP: 1/31 [Natasha (8)]
  1185 | D:2      | Slain by Natasha

Vault maps used:
D:1:      grunt_arrival_crossed_arrows, serial_bayou_ford_a
D:2:      lemuel_doored_altar, uniq_natasha

Action                   || total
-------------------------++-------
Melee: Hand axe          ||   123
  Eat: Chunk             ||     7
